 Dungeon Crawl Stone Soup version 0.24-a0-279-ga7546fe674 (webtiles) character file.

Game seed: 11240980341168630032

5595 Roikka the Geomancer (level 10, -5/59 HPs)
             Began as a Gargoyle Earth Elementalist on May 1, 2019.
             Was a Believer of Vehumet.
             Slain by an orc warrior
             ... wielding a cursed -3 glaive
              (19 damage)
             ... on level 9 of the Dungeon.
             The game lasted 00:26:58 (8185 turns).

Roikka the Geomancer (Gargoyle Earth Elementalist)  Turns: 8185, Time: 00:27:00

Health: -5/59      AC: 13    Str: 11    XL:     10   Next: 73%
Magic:  20/20      EV: 10    Int: 22    God:    Vehumet [**....]
Gold:   494        SH:  0    Dex: 10    Spells: 5/22 levels left

rFire    . . .     SeeInvis .   v - +9 great sword of Glory {slice, Int+2}
rCold    . . .     Gourm    .   (shield currently unavailable)
rNeg     + . .     Faith    .   m - +0 ring mail
rPois    ∞         Spirit   .   (no helmet)
rElec    +         Reflect  .   (no cloak)
rCorr    .         Harm     .   (no gloves)
MR       .....                  (no boots)
Stlth    +.........             (no amulet)
HPRegen  0.19/turn              (no ring)
MPRegen  0.17/turn              (no ring)

@: no status effects
A: negative energy resistance 1, electricity resistance, unbreathing,
petrification resistance, rot immunity, AC +7
a: Renounce Religion


You were on level 9 of the Dungeon.
You worshipped Vehumet.
Vehumet was pleased with you.
You were not hungry.

You visited 2 branches of the dungeon, and saw 10 of its levels.

You collected 516 gold pieces.
You spent 22 gold pieces at shops.

Inventory:

Hand Weapons
 i - a +2 spear of chaos
 v - the +9 great sword of Glory (weapon) {slice, Int+2}
   (You found it on level 6 of the Dungeon)

   It inflicts extra damage upon your enemies.
   It affects your intelligence (+2).
 x - a +2 flail of holy wrath
Missiles
 b - 295 stones (quivered)
 q - 3 throwing nets
Armour
 m - a +0 ring mail (worn)
Jewellery
 w - a cursed ring of attention {unknown}
 A - an uncursed ring of protection from magic {unknown}
Wands
 c - a wand of random effects (43)
 k - a wand of paralysis (6)
 r - a wand of flame (13)
 B - a wand of polymorph (7)
Scrolls
 e - 3 scrolls of remove curse
 l - a scroll of magic mapping
 u - 4 scrolls of teleportation
 y - a scroll of fear
 E - a scroll of fog {unknown}
Potions
 a - 2 potions of curing
 f - 3 potions of heal wounds
 g - 3 potions of haste {unknown}
 h - a potion of resistance {unknown}
 j - a potion of ambrosia {unknown}
 n - a potion of flight {unknown}
 o - 2 potions of magic {unknown}
 p - 2 potions of might
 s - a potion of agility {unknown}
 t - a potion of degeneration {unknown}
 z - a potion of invisibility {unknown}
 C - a potion of brilliance {unknown}
 D - a potion of berserk rage {unknown}
Comestibles
 d - 24 rations


   Skills:
 + Level 5.5 Fighting
 + Level 5.5 Armour
 - Level 1.5 Dodging
 - Level 2.1 Stealth
 + Level 6.9 Spellcasting
 - Level 7.0 Conjurations
 - Level 2.0 Translocations
 + Level 5.0 Transmutations
 + Level 9.4 Earth Magic


You had 5 spell levels left.
You knew the following spells:

 Your Spells              Type           Power        Failure   Level  Hunger
a - Sandblast             Erth           #####.       1%          1    None
b - Passwall              Tmut/Erth      #####...     1%          2    None
c - Stone Arrow           Conj/Erth      #####.       1%          3    None
d - Petrify               Tmut/Erth      #####...     9%          4    ###....
e - Lee's Rapid Deconstr  Erth           #####.....   11%         5    #####..
f - Blink                 Tloc           N/A          12%         2    None

Your spell library contained the following spells:

 Spells                   Type           Power        Failure   Level  Hunger
 Throw Flame              Conj/Fire      ###...       7%          2    None
 Magic Dart               Conj           ####         1%          1    None
 Searing Ray              Conj           #####.       1%          2    None
 Iskenderun's Mystic Bla  Conj           #####...     10%         4    ###....
 Conjure Flame            Conj/Fire      ###.....     13%         3    None
 Dazzling Spray           Conj/Hex       ###...       13%         3    None
 Confusing Touch          Hex            #.....       19%         1    None
 Mephitic Cloud           Conj/Pois/Air  ###.....     22%         3    None
 Gell's Gravitas          Tloc           ###.......   24%         3    None
 Call Imp                 Summ           #.......     28%         2    None
 Slow                     Hex            #.......     28%         2    None
 Force Lance              Conj/Tloc      ####....     28%         4    ###....
 Fulminant Prism          Conj/Hex       ###.......   41%         4    ###....
 Confuse                  Hex            #.......     50%         3    None
 Yara's Violent Unravell  Hex/Tmut       ###.......   87%         5    #####..
 Metabolic Englaciation   Hex/Ice        #.........   99%         5    #####..


Dungeon Overview and Level Annotations

Branches:
Dungeon (9/15)             Temple (1/1) D:7            Lair (0/6) D:8
    Orc: D:9-12

Altars:
Cheibriados
Elyvilon
Gozag
Hepliaklqana
Kikubaaqudgha
Makhleb
Nemelex Xobeh
Okawaru
Qazlal
Ru
Trog
Uskayaw
Vehumet
Wu Jian
Xom

Shops:
D:4 *?


Innate Abilities, Weirdness & Mutations

You are resistant to torment.
Your stone body is resilient. (AC +7)
You are immune to poison.
You resist negative energy. (rN+)
You are resistant to electric shocks. (rElec)
You can survive without breathing.
You are immune to petrification.
You are immune to rotting.


Message History

Aim: an orc warrior, wielding a -3 glaive and wearing a +0 plate armour The blast of sand hits the centaur warrior zombie!!
The centaur warrior zombie is almost destroyed.
b - 296 stones The centaur warrior zombie hits you but does no damage.
The orc warrior hits you from afar with a cursed -3 glaive!
* * * LOW HITPOINT WARNING * * *
Casting: Sandblast (safe; 1% risk of failure)
Confirm with . or Enter, or press ? or * to list all spells.
Aiming: Sandblast (safe; 1% risk of failure)
Press: ? - help, Shift-Dir - straight line, f/p - orc warrior
Aim: an orc warrior, wielding a -3 glaive and wearing a +0 plate armour The blast of sand hits the centaur warrior zombie!!
You destroy the centaur warrior zombie!
Vehumet accepts your kill.
You feel your power returning.
Your Transmutations skill increases to level 5!
b - 295 stones The orc warrior hits you from afar with a cursed -3 glaive!!
You die...

####..##...................#
##....._..._............#
..............<.....#
.........##.........#
........####........#
......######.......# .....
... #.......#
...####.##o..#...#
........@oO......##
#########...#....####
#...........# #(..#.......#
#####.......# #..###### #..#
#..# #..#


You could see an orc warrior, an ogre and an orc.

Vanquished Creatures
  A two-headed ogre (D:8)
  A centaur zombie (D:9)
  A hornet (D:9)
  3 hogs (D:7)
  A human (D:7)
  Eustachio (D:4)
  A yak (D:7)
  An orc warrior (Temple)
  A water moccasin (D:8)
  2 sky beasts (D:8)
  6 ogres
  A phantom (D:4)
  A black bear (D:6)
  2 centaurs
  Blork the orc (D:4)
  8 bullfrogs
  A wyvern zombie (D:6)
  A gnoll sergeant (D:7)
  A scorpion (D:4)
  6 killer bees
  4 howler monkeys (D:7)
  3 crimson imps
  A quasit (D:7)
  A centaur skeleton (D:5)
  4 hounds
  A jelly (D:5)
  2 bullfrog skeletons
  4 orc priests
  A gnoll shaman (D:4)
  5 orc wizards
  Ijyb (D:5)
  2 iguanas
  6 worker ants
  2 killer bee zombies (D:8)
  3 hound skeletons
  A worker ant zombie (D:6)
  5 adders
  9 gnolls
  A river rat (D:3)
  3 shadow imps
  A white imp (D:5)
  4 worms
  5 dart slugs
  11 leopard geckos
  20 orcs
  6 bats
  9 giant cockroaches
  6 goblins (D:1)
  7 hobgoblins
  4 jackals (D:1)
  6 kobolds
  9 quokkas
  3 ball pythons
  A frilled lizard (D:4)
  A jackal zombie (D:7)
  2 leopard gecko skeletons
  2 quokka skeletons
  A quokka zombie (D:5)
  12 rats
210 creatures vanquished.

Notes
Turn   | Place    | Note
-------+----------+-------------------------------------------
     0 | D:1      | Roikka the Gargoyle Earth Elementalist began the quest for
                  | the Orb.
     0 | D:1      | Reached XP level 1. HP: 10/10 MP: 3/3
   185 | D:1      | Reached XP level 2. HP: 10/16 MP: 3/5
   189 | D:1      | Learned a level 2 spell: Passwall
   315 | D:1      | Reached skill level 1 in Fighting
   388 | D:1      | Reached skill level 4 in Earth Magic
   729 | D:1      | Reached XP level 3. HP: 20/20 MP: 6/6
   734 | D:1      | Learned a level 3 spell: Stone Arrow
  1445 | D:2      | Reached skill level 1 in Conjurations
  1479 | D:2      | Reached XP level 4. HP: 26/26 MP: 4/7
  1489 | D:2      | Found a shimmering altar of Xom.
  1870 | D:2      | Found a snail-covered altar of Cheibriados.
  2046 | D:2      | Found an opulent altar of Gozag.
  2143 | D:3      | Found a stormy altar of Qazlal.
  2227 | D:3      | Reached XP level 5. HP: 28/30 MP: 9/9
  2583 | D:3      | You fall through a shaft for 3 floors!
  2619 | D:6      | Noticed a black bear
  2753 | D:6      | Reached skill level 5 in Earth Magic
  2753 | D:6      | Reached XP level 6. HP: 29/36 MP: 10/10
  2764 | D:6      | Learned a level 4 spell: Petrify
  2829 | D:6      | Reached skill level 1 in Transmutations
  3034 | D:5      | Entered Level 5 of the Dungeon
  3157 | D:4      | Found Gonyifid's Magic Scroll Shoppe.
  3169 | D:4      | Bought a scroll of identify for 22 gold pieces
  3247 | D:4      | Reached XP level 7. HP: 36/41 MP: 12/12
  3819 | D:3      | Reached skill level 1 in Armour
  4022 | D:3      | Found an iron altar of Okawaru.
  4235 | D:4      | Noticed Blork the orc
  4244 | D:4      | Killed Blork the orc
  4367 | D:4      | Found Qait's Lightly-Used Armoury.
  4452 | D:4      | Noticed Eustachio
  4464 | D:4      | Killed Eustachio
  4464 | D:4      | Reached skill level 5 in Conjurations
  4464 | D:4      | Reached XP level 8. HP: 45/48 MP: 0/14
  4541 | D:4      | Reached skill level 6 in Earth Magic
  4612 | D:4      | Found a white marble altar of Elyvilon.
  4612 | D:4      | Found an ancient bone altar of Kikubaaqudgha.
  4743 | D:5      | Noticed Ijyb
  4749 | D:5      | Killed Ijyb
  5354 | D:5      | Learned a level 5 spell: Lee's Rapid Deconstruction
  5410 | D:5      | Found a radiant altar of Vehumet.
  5416 | D:5      | Became a worshipper of Vehumet
  5684 | D:6      | Reached XP level 9. HP: 52/52 MP: 11/16
  5703 | D:6      | Got a bloodstained great sword
  5704 | D:6      | Identified the +9 great sword of Glory {slice, Int+2} (You
                  | found it on level 6 of the Dungeon)
  5760 | D:6      | Reached skill level 7 in Earth Magic
  6062 | D:6      | Reached skill level 5 in Spellcasting
  6411 | D:7      | Reached * piety under Vehumet
  6411 | D:7      | Offered knowledge of Shock by Vehumet.
  6423 | D:7      | Learned a level 2 spell: Blink
  6468 | D:7      | Reached skill level 1 in Translocations
  6475 | D:7      | Reached skill level 8 in Earth Magic
  6673 | D:7      | Found a hide-covered altar of Uskayaw.
  6743 | D:7      | Reached XP level 10. HP: 55/56 MP: 19/19
  6776 | D:7      | Found a staircase to the Ecumenical Temple.
  6786 | Temple   | Entered the Ecumenical Temple
  6814 | D:7      | Found an ornate altar of the Wu Jian Council.
  7379 | D:8      | Offered knowledge of Throw Flame by Vehumet.
  7393 | D:8      | Reached ** piety under Vehumet
  7421 | D:8      | Noticed a two-headed ogre
  7428 | D:8      | Killed a two-headed ogre
  7454 | D:8      | Reached skill level 9 in Earth Magic
  7526 | D:8      | Reached skill level 5 in Fighting
  7526 | D:8      | Reached skill level 5 in Armour
  7724 | D:8      | Found a staircase to the Lair.
  8115 | D:9      | Found a bloodstained altar of Trog.
  8119 | D:9      | Found a burning altar of Makhleb.
  8120 | D:9      | Found a hazy altar of Hepliaklqana.
  8120 | D:9      | Found a sacrificial altar of Ru.
  8120 | D:9      | Found a sparkling altar of Nemelex Xobeh.
  8185 | D:9      | Reached skill level 5 in Transmutations
  8185 | D:9      | Slain by an orc warrior

Levels and vault maps discovered:
D:1:      mrwooster_arrival_statue_3, layout_loops_ring, serial_forest,
          infiniplex_forest_end_3, infiniplex_forest_lined_2,
          infiniplex_forest_straight_1, infiniplex_forest_pool,
          infiniplex_forest_straight_3, infiniplex_forest_clump_long,
          infiniplex_forest_clump_large, feat_on_display
D:2:      layout_loops_ring, tgw_xom, kennysheep_slug_shrine,
          lemuel_crystal_altar, grunt_ministairs_3, minmay_indecisive_spiral
D:3:      layout_loops_corners, nicolae_overflow_hidden_temple,
          grunt_qazlal_sundering, first_ration, portal_sewer_entry_c
D:4:      layout_loops_corners, gammafunk_temple_overflow_elements,
          serial_shops, shop, minmay_shop_damaged, uniq_eustachio,
          uniq_blork_the_orc
D:5:      layout_loops_cross, kennysheep_little_box, uniq_ijyb
D:6:      layout_basic
D:7:      layout_basic, lemuel_round_altar, lemuel_round_altar,
          minmay_temple_entry_junction, grunt_livestock, kennysheep_minor_cross
D:8:      layout_basic, lair_entry_dummy
D:9:      layout_rooms, grunt_temple_overflow_open, serial_shops, shop,
          hangedman_ru_absence
Temple:   corrupted_temple

Skill      XL: |  1  2  3  4  5  6  7  8  9 10 |
---------------+-------------------------------+-----
Fighting       | 1 2 3 4 5 |  5.5
Earth Magic    | 4 5 6 8 9 |  9.4
Conjurations   | 1 2 3 4 5 6 7 |  7.0
Spellcasting   | 3 4 6 |  6.9
Transmutations | 1 2 4 5 |  5.0
Armour         | 1 3 4 5 |  5.5
Translocations | 2 |  2.0
Dodging        | |  1.5
Stealth        | |  2.1

Action                   |  1- 3 |  4- 6 |  7- 9 | 10-12 || total
-------------------------+-------+-------+-------+-------++-------
Melee: Hand axe          |    60 |       |       |       ||    60
       Unarmed           |     3 |       |       |       ||     3
       Spear             |       |   164 |    67 |       ||   231
       Scimitar          |       |       |    85 |       ||    85
       Great sword       |       |       |    70 |    79 ||   149
 Cast: Sandblast         |    15 |    19 |    34 |     8 ||    76
       Stone Arrow       |       |       |     8 |    10 ||    18
  Use: Scroll            |       |     7 |     1 |     2 ||    10
 Stab: Sleeping          |     4 |     6 |     1 |       ||    11
       Confused          |       |     1 |       |       ||     1
       Petrified         |       |     4 |       |       ||     4
       Petrifying        |       |     1 |       |       ||     1
  Eat: Chunk             |     1 |     7 |    12 |     5 ||    25
Armor: Robe              |    11 |       |       |       ||    11
       Leather armour    |     7 |    59 |     1 |       ||    67
       Ring mail         |       |       |   127 |    68 ||   195
Dodge: Dodged            |    47 |    68 |   153 |    73 ||   341
       Rpst.: Scimitar   |       |       |    21 |       ||    21
       Great sword       |       |       |    19 |    17 ||    36

Table legend:
 A = Non-vault XP
 B = Vault XP
 C = Vault XP percentage of total XP
 D = Non-vault monster count
 E = Vault monster count
 F = Vault count percentage of total count
                 A         B        C        D         E       F
            +---------+---------+-------+---------+---------+-------
      Total |    6621 |    1373 |  17.2 |     188 |      22 |  10.5
            +---------+---------+-------+---------+---------+-------
        D:1 |      54 |       0 |   0.0 |      27 |       0 |   0.0
        D:2 |      44 |      52 |  54.2 |      14 |       9 |  39.1
        D:3 |     178 |      19 |   9.6 |      20 |       5 |  20.0
        D:4 |     507 |     288 |  36.2 |      21 |       2 |   8.7
        D:5 |     538 |      36 |   6.3 |      21 |       1 |   4.5
        D:6 |    1046 |       0 |   0.0 |      26 |       0 |   0.0
        D:7 |    1152 |     978 |  45.9 |      32 |       5 |  13.5
        D:8 |    1924 |       0 |   0.0 |      17 |       0 |   0.0
        D:9 |    1003 |       0 |   0.0 |       7 |       0 |   0.0
     Temple |     175 |       0 |   0.0 |       3 |       0 |   0.0
            +---------+---------+-------+---------+---------+-------
